AoeStats
← Calders

Black Forest

509389011Analyzed
4v4 RM · 6d ago on Sep 26, 2026· 59m 44s· 8 players
Game mode
Random Map
Map size
Large (8 player)
Population
200
Speed
Normal
Resources
Standard
Victory
Conquest
Starting age
Dark Age
Ending age
Imperial Age
RankedLock teamsTeams togetherTeam positionsShared explorationLock speedFull tech treeHidden civsTurbo modeCheats
Victory
Defeat
🇵🇪 Khmer · Peru
1504
+19
🇬🇧 Franks · United Kingdom
1503
+19
🇨🇳 Mongols · China
1487
+20
🇹🇷 Italians · Türkiye
1486
+20
🇹🇼 Byzantines · Taiwan
1607
-21
🇹🇼 Mongols · Taiwan
1577
-20
1570
-19
🇹🇼 Persians · Taiwan
1534
-18
Calders
0:56 Loom
12:51 Feudal Age
13:26 Double-Bit Axe
18:46 Castle Age
19:53 Bow Saw
23:15 Gold Mining
25:33 Wheelbarrow
26:12 Stone Mining
27:00 Town Watch
29:53 Gold Shaft Mining
29:30 Scale Barding Armor
29:16 Fletching
33:11 Imperial Age
30:57 Hand Cart
31:45 Chain Barding Armor
31:35 Forging
32:35 Husbandry
32:53 Town Patrol
33:14 Cavalier
34:32 Plate Barding Armor
34:24 Conscription
33:49 Light Cavalry
35:24 Iron Casting
35:11 Conscription
36:11 Siege Engineers
37:09 Chemistry
36:30 Ballistics
38:10 Blast Furnace
40:05 Coinage
39:56 Paladin
41:01 Bodkin Arrow
41:35 Ballistics
41:26 Masonry
40:56 Treadmill Crane
42:51 Chivalry
43:18 Devotion
47:27 Caravan
59:23 Spies/Treason
Sir Dancealot
4:03 Loom
10:56 Feudal Age
12:00 Double-Bit Axe
13:36 Horse Collar
15:39 Wheelbarrow
16:02 Town Watch
19:36 Castle Age
20:56 Bow Saw
26:38 Fletching
27:28 Bodkin Arrow
28:27 Gold Mining
32:32 Imperial Age
30:47 Ballistics
30:30 Padded Archer Armor
32:11 Thumb Ring
32:23 Leather Archer Armor
32:35 Hand Cart
33:31 Bracer
34:38 Chemistry
34:14 Conscription
34:39 Ring Archer Armor
34:30 Masonry
36:05 Hoardings
35:05 Elite Genoese Crossbowman
37:59 Silk Road
41:33 Hoardings
41:36 Caravan
46:44 Two-Man Saw
CTM | KLIN
4:40 Loom
11:44 Feudal Age
14:34 Castle Age
12:24 Double-Bit Axe
12:20 Horse Collar
16:42 Bow Saw
21:47 Wheelbarrow
23:02 Gold Mining
23:02 Stone Mining
23:15 Heavy Plow
24:41 Gold Shaft Mining
24:41 Hand Cart
26:23 Stone Shaft Mining
28:53 Imperial Age
27:49 Ballistics
28:48 Forging
28:44 Scale Barding Armor
28:56 Heavy Scorpion
29:58 Conscription
29:39 Double Crossbow
30:47 Chemistry
29:56 Siege Engineers
30:30 Iron Casting
29:58 Husbandry
30:09 Bloodlines
29:22 Light Cavalry
32:50 Blast Furnace
32:11 Chain Barding Armor
34:01 Crop Rotation
34:48 Hussar
42:45 Plate Barding Armor
42:23 Masonry
47:51 Caravan
57:18 Capped Ram
58:33 Siege Ram
59:11 Town Watch
第一滴血
9:51 Feudal Age
13:29 Castle Age
11:38 Double-Bit Axe
12:10 Horse Collar
14:03 Wheelbarrow
20:05 Heavy Plow
22:37 Hand Cart
27:55 Imperial Age
26:08 Gold Mining
26:09 Stone Mining
26:32 Bow Saw
28:28 Ballistics
28:23 Bloodlines
28:14 Husbandry
28:05 Fletching
28:27 Forging
28:09 Town Watch
28:10 Loom
28:06 Onager
28:42 Bodkin Arrow
30:03 Chemistry
29:36 Conscription
29:47 Bracer
30:45 Capped Ram
30:49 Elite Mangudai
31:38 Padded Archer Armor
31:44 Thumb Ring
32:05 Parthian Tactics
32:43 Leather Archer Armor
33:53 Scale Barding Armor
33:14 Siege Onager
33:15 Siege Ram
34:42 Coinage
36:03 Banking
35:51 Masonry
35:47 Siege Engineers
37:49 Drill
37:04 Elite Mangudai
38:49 Caravan
47:57 Siege Engineers
47:49 Murder Holes
50:19 Scale Mail Armor
50:30 Forging
50:40 Chain Barding Armor
49:46 Light Cavalry
50:40 Fortified Wall
50:21 Guard Tower
49:53 Crossbowman
50:20 Arson
50:35 Squires
49:56 Pikeman
49:56 Man-at-Arms
50:40 Town Patrol
50:12 Sappers
51:18 Hoardings
50:07 Heavy Scorpion
51:40 Fervor
51:30 Atonement
51:31 Devotion
51:51 Heresy
51:27 Herbal Medicine
50:57 Elite Skirmisher
51:17 Hussar
56:38 Chain Mail Armor
56:58 Iron Casting
55:45 Long Swordsman
55:48 Cavalier
55:49 Heavy Camel Rider
55:49 Elite Steppe Lancer
58:18 Plate Mail Armor
57:10 Two-Handed Swordsman
58:05 Careening
58:06 Clinker Construction
58:16 Shipwright
58:01 Siphons
57:46 Champion
58:36 Siphons
59:41 Spies/Treason
60:22 Nomads
再吵去東湖框你媽出場
1:08 Loom
11:33 Feudal Age
13:11 Double-Bit Axe
15:40 Castle Age
13:46 Horse Collar
16:40 Bow Saw
16:41 Heavy Plow
21:38 Wheelbarrow
24:19 Hand Cart
26:12 Gold Mining
26:12 Stone Mining
30:55 Imperial Age
29:09 Gold Shaft Mining
28:47 Fortified Wall
28:17 Treadmill Crane
29:01 Fletching
29:12 Padded Archer Armor
29:16 Town Watch
30:15 Crossbowman
30:56 Bodkin Arrow
31:16 Leather Archer Armor
31:35 Arbalester
33:30 Ballistics
34:28 Bracer
33:57 Elite Skirmisher
53:38 Two-Man Saw
54:11 Ring Archer Armor
BøM_antihack.exe
0:34 Loom
16:12 Feudal Age
20:08 Castle Age
18:27 Double-Bit Axe
18:43 Horse Collar
21:07 Bow Saw
27:50 Wheelbarrow
28:19 Stone Mining
32:51 Imperial Age
30:18 Gold Mining
31:35 Scale Mail Armor
31:45 Forging
31:31 Pikeman
33:01 Fortified Wall
33:26 Atonement
33:39 Redemption
33:53 Sanctity
34:25 Block Printing
34:35 Illumination
35:04 Theocracy
35:12 Chain Mail Armor
35:33 Iron Casting
36:17 Conscription
36:51 Gold Shaft Mining
35:58 Halberdier
39:43 Two-Man Saw
47:11 Plate Mail Armor
BøM_R3gaN
7:40 Loom
11:48 Feudal Age
13:44 Double-Bit Axe
13:40 Horse Collar
16:02 Castle Age
17:03 Bow Saw
16:56 Heavy Plow
19:53 Wheelbarrow
24:27 Hand Cart
29:18 Imperial Age
26:40 Fletching
26:51 Padded Archer Armor
27:13 Ballistics
28:13 Bodkin Arrow
28:33 Leather Archer Armor
28:57 Town Watch
29:31 Gold Mining
29:32 Stone Mining
29:35 Elite Mangudai
30:17 Bracer
30:37 Bloodlines
30:32 Husbandry
31:53 Chemistry
31:23 Conscription
31:51 Scale Barding Armor
31:56 Forging
32:15 Parthian Tactics
32:16 Thumb Ring
33:17 Chain Barding Armor
32:18 Light Cavalry
33:11 Masonry
33:06 Hussar
34:22 Iron Casting
36:48 Blast Furnace
37:18 Scale Mail Armor
44:32 Nomads
44:53 Drill
44:55 Fortified Wall
44:41 Murder Holes
45:00 Herbal Medicine
45:11 Caravan
45:42 Coinage
45:46 Chain Mail Armor
50:51 Plate Mail Armor
Fries
4:32 Loom
11:35 Feudal Age
15:19 Castle Age
13:23 Double-Bit Axe
13:39 Horse Collar
16:05 Bow Saw
21:08 Wheelbarrow
22:51 Heavy Plow
24:05 Hand Cart
25:57 Caravan
26:19 Gold Mining
27:51 Gold Shaft Mining
27:50 Stone Mining
31:52 Imperial Age
29:50 Scale Barding Armor
29:56 Forging
30:43 Stone Shaft Mining
30:47 Husbandry
30:57 Bloodlines
31:44 Chain Barding Armor
31:59 Iron Casting
33:25 Plate Barding Armor
32:39 Elite War Elephant
33:42 Ballistics
35:40 Blast Furnace
34:46 Devotion
35:49 Conscription
35:10 Light Cavalry
37:08 Fletching
37:26 Cavalier
38:44 Savar
42:42 Padded Archer Armor
42:38 Bodkin Arrow
44:55 Leather Archer Armor
44:33 Elite Skirmisher
Connection lost

Rejoining the realm…

Still unreachable

The connection could not be restored.

Session expired

The server has moved on; the page needs a fresh start.